 Dungeon Crawl Stone Soup version 0.27-a0-1193-g8631133539 (webtiles) character file.

Game seed: 8561157407049453834

9541 rjrrt the Cleaver (level 11, 0/84 HPs)
             Began as a Demonspawn Berserker on May 27, 2021.
             Was a High Priest of Trog.
             Succumbed to Maggie's poison
             ... on level 1 of the Lair of Beasts.
             The game lasted 00:16:58 (9733 turns).

rjrrt the Cleaver (Demonspawn Berserker)            Turns: 9733, Time: 00:16:59

Health: 0/84       AC: 19    Str: 20    XL:     11   Next: 24%
Magic:  11/11      EV: 11    Int:  8    God:    Trog [*****.]
Gold:   559        SH:  5    Dex: 20    Spells: 10/10 levels left

rFire    . . .     SeeInvis .   a - +0 war axe (flame)
rCold    . . .     Faith    .   (no shield)
rNeg     . . .     Spirit   .   f - +0 chain mail
rPois    .         Reflect  +   y - +2 helmet
rElec    .         Harm     .   (no cloak)
rCorr    .         Rampage  .   A - +2 pair of gloves
Will     +....                  (no boots)
Stlth    ..........             B - amulet of reflection
HPRegen  0.24/turn              u - +6 ring of dexterity
MPRegen  0.12/turn              F - ring of willpower

@: lethally poisoned (0 -> -20), mesmerised
A: hooves 1, slimy green scales 2, powered by death 1, demonic magic 1
a: Renounce Religion, Berserk, Trog's Hand, Brothers in Arms


You were on level 1 of the Lair of Beasts.
You worshipped Trog.
Trog was extremely pleased with you.
You visited 2 branches of the dungeon, and saw 10 of its levels.
You also visited: Ossuary.

You collected 559 gold pieces.

Inventory:

Hand Weapons
 a - a +0 war axe of flaming (weapon)
 s - a +0 battleaxe
 t - a +3 trident
 z - a +2 vorpal battleaxe
 E - a +4 vorpal broad axe
Missiles
 d - 34 poisoned darts (quivered)
 C - a curare-tipped dart
Armour
 f - a +0 chain mail (worn)
 y - a +2 helmet (worn)
 A - a +2 pair of gloves (worn)
Jewellery
 u - a +6 ring of dexterity (left hand)
 B - an amulet of reflection (around neck)
 F - a ring of willpower (right hand)
Wands
 q - a wand of flame (14)
 r - a wand of polymorph (8)
Scrolls
 b - a scroll of magic mapping
 i - a scroll of enchant armour
 l - 6 scrolls of fog
 w - 3 scrolls of teleportation
 D - a scroll of blinking
Potions
 c - 3 potions of mutation
 g - a potion of flight
 h - 2 potions of haste
 j - a potion of invisibility {unknown}
 k - 2 potions of lignification
 m - 2 potions of ambrosia
 n - 3 potions of heal wounds
 o - a potion of might {unknown}
 p - 2 potions of attraction
 v - a potion of brilliance {unknown}
 x - 3 potions of resistance


   Skills:
 + Level 7.4 Fighting
 * Level 12.3 Axes
 + Level 6.3 Armour
 + Level 6.3 Dodging


You had 10 spell levels left.
You didn't know any spells.
Your spell library was empty.

Dungeon Overview and Level Annotations

Branches:
Dungeon (9/15)             Temple (0/1) D:4            Lair (1/6) D:9
Ossuary (visited)
    Orc: D:9-12

Altars:
Cheibriados
Elyvilon
Fedhas
Gozag
Hepliaklqana
Nemelex Xobeh
Okawaru
Qazlal
Uskayaw
Vehumet
Wu Jian
Yredelemnul

Annotations:
Lair:1 Maggie


Innate Abilities, Weirdness & Mutations

You have large cloven feet.
You are mostly covered in slimy green scales. (AC +3)
You regenerate a little health from kills.
Spells you cast may paralyse adjacent enemies.


Message History

You barely miss Maggie. Your kick misses Maggie.
Maggie is moderately wounded.
You feel sick.
You hit Maggie. You burn Maggie. You kick Maggie.
Maggie is moderately wounded.
You feel sick.
Maggie zaps a wand.
The puff of flame hits you but does no damage.
You are too injured to fight recklessly!
Unknown command.
You slash Maggie! You burn Maggie. You kick Maggie, but do no damage.
Maggie is heavily wounded.
You feel sick.
Maggie hits you with a +5 glaive of venom!
You are more poisoned.
Unknown command.
Unknown command.
Unknown command.
You feel better.
Maggie hits you with a +5 glaive of venom.
You are too mesmerised to rage.
You hit Maggie but do no damage. You kick Maggie, but do no damage.
Maggie is heavily wounded.
Maggie hits you with a +5 glaive of venom!
* * * LOW HITPOINT WARNING * * *
You are lethally poisoned!
You hit Maggie but do no damage. You kick Maggie, but do no damage.
Maggie is heavily wounded.
* * * LOW HITPOINT WARNING * * *
You feel extremely sick.
Maggie zaps a wand.
The puff of flame hits you but does no damage.
You slash Maggie! You burn Maggie.
Maggie is severely wounded.
* * * LOW HITPOINT WARNING * * *
You feel very sick. Maggie barely misses you.
Unknown command.
You hit Maggie but do no damage. You kick Maggie, but do no damage.
Maggie is severely wounded.
You die...

##.#.# ####.#####
##..## ##........#
#...# #..........
##.## ##..../.....
#..## #...........
###.## ##...........
#..## ..
#....@.......# #P..#
..# #....@........
##..#
...##...........#
#..#
.#..............#
#...
#..............##
##.. P#P.........##
###. ###.......##
###..# ##......##
##...#.
###...#.######..###.
#...#.....#..#.##..


You could see Maggie (mesmerising).

Vanquished Creatures
  2 centaur warriors
  2 two-headed ogres (D:8)
  A kobold demonologist (D:8)
  2 trolls
  14 yaks
  3 water moccasins (D:6)
  An acid dragon (D:8)
  2 sky beasts
  A black bear (D:6)
  An orc warrior (D:8)
  An ice beast (D:7)
  5 centaurs
  2 ogres
  6 necrophages
  A phantom (D:5)
  4 kobold brigands
  3 bullfrogs
  4 scorpions
  A water moccasin zombie (Ossuary)
  16 wights
  A bullfrog zombie (D:7)
  3 hounds
  3 centaur zombies
  2 jellies (D:5)
  A bullfrog skeleton (D:6)
  A gnoll shaman (D:6)
  4 orc priests
  Terence (D:3)
  2 iguanas
  An orc wizard (D:8)
  A killer bee zombie (D:7)
  A hound skeleton (D:5)
  2 mummies (Ossuary)
  A howler monkey skeleton (D:7)
  6 gnolls
  5 adders
  A shadow imp (D:6)
  A white imp (D:7)
  3 adder zombies (Ossuary)
  2 worms
  21 orcs
  8 ball pythons
  2 endoplasms (D:1)
  7 giant cockroaches
  5 gnoll zombies (Ossuary)
  5 goblins (D:1)
  9 hobgoblins
  10 jackals
  20 kobolds
  3 quokkas
  A frilled lizard (D:1)
  3 hobgoblin zombies (Ossuary)
  6 kobold zombies (Ossuary)
  10 orc zombies (Ossuary)
  9 rats
233 creatures vanquished.

Notes
Turn   | Place    | Note
-------+----------+-------------------------------------------
     0 | D:1      | rjrrt the Demonspawn Berserker began the quest for the Orb.
     0 | D:1      | Reached XP level 1. HP: 18/18 MP: 1/1
    63 | D:1      | Reached skill level 3 in Axes
   165 | D:1      | Gained mutation: You are partially covered in slimy green
                  | scales. (AC +2) [demonic ancestry]
   165 | D:1      | Reached XP level 2. HP: 18/24 MP: 2/2
   312 | D:1      | Found a faded altar of an unknown god.
   384 | D:1      | Gained mutation: Spells you cast may paralyse adjacent
                  | enemies. [demonic ancestry]
   384 | D:1      | Reached XP level 3. HP: 29/29 MP: 3/3
   414 | D:1      | Reached ** piety under Trog
   416 | D:1      | Reached skill level 4 in Axes
   952 | D:2      | Found an ornate altar of the Wu Jian Council.
  1264 | D:2      | Gained mutation: You are mostly covered in slimy green
                  | scales. (AC +3) [demonic ancestry]
  1264 | D:2      | Reached XP level 4. HP: 32/35 MP: 4/4
  2112 | D:3      | Noticed Terence
  2122 | D:3      | Killed Terence
  2124 | D:3      | Reached skill level 5 in Axes
  2842 | D:4      | Noticed an ogre
  2848 | D:4      | Killed an ogre
  2849 | D:4      | Reached XP level 5. HP: 41/41 MP: 5/5
  2976 | D:4      | Reached skill level 6 in Axes
  2988 | D:4      | Gained mutation: You have large cloven feet. [demonic
                  | ancestry]
  2988 | D:4      | Reached XP level 6. HP: 17/47 MP: 6/6
  3318 | D:4      | Reached skill level 7 in Axes
  3353 | D:4      | Reached *** piety under Trog
  3441 | D:4      | Found a staircase to the Ecumenical Temple.
  3643 | D:5      | Entered Level 5 of the Dungeon
  3683 | D:5      | Noticed a sky beast
  3702 | D:5      | Killed a sky beast
  3703 | D:5      | Gained mutation: You regenerate a little health from kills.
                  | [demonic ancestry]
  3703 | D:5      | Reached XP level 7. HP: 46/52 MP: 7/7
  4022 | D:5      | Reached skill level 8 in Axes
  4372 | D:5      | Found an opulent altar of Gozag.
  4553 | D:5      | Reached skill level 9 in Axes
  4553 | D:5      | Reached XP level 8. HP: 52/58 MP: 8/8
  5231 | D:6      | Found a sand-covered staircase.
  5251 | Ossuary  | Entered an ossuary
  5511 | Ossuary  | Reached **** piety under Trog
  5910 | D:6      | Reached skill level 10 in Axes
  5910 | D:6      | Reached XP level 9. HP: 61/61 MP: 9/9
  6735 | D:7      | Reached skill level 5 in Fighting
  6850 | D:7      | You fall into a shaft and drop 2 floors!
  6862 | D:8      | Noticed a centaur warrior
  6877 | D:8      | Killed a centaur warrior
  7083 | D:7      | Found a hazy altar of Hepliaklqana.
  7362 | D:7      | Reached skill level 11 in Axes
  7362 | D:7      | Reached XP level 10. HP: 56/76 MP: 10/10
  7543 | D:8      | Found a sparkling altar of Nemelex Xobeh.
  7565 | D:8      | Reached ***** piety under Trog
  7582 | D:8      | Reached skill level 5 in Armour
  7584 | D:8      | Reached skill level 5 in Dodging
  7725 | D:8      | Noticed a two-headed ogre
  7738 | D:8      | Killed a two-headed ogre
  7895 | D:8      | Noticed a two-headed ogre
  7901 | D:8      | Killed a two-headed ogre
  8412 | D:8      | Found an ornate altar of the Wu Jian Council.
  8412 | D:8      | Found a hide-covered altar of Uskayaw.
  8413 | D:8      | Found a stormy altar of Qazlal.
  8414 | D:8      | Found a radiant altar of Vehumet.
  8417 | D:8      | Found a basalt altar of Yredelemnul.
  8639 | D:9      | Found a staircase to the Lair.
  8693 | D:9      | Reached skill level 12 in Axes
  8777 | D:9      | Found a blossoming altar of Fedhas.
  8925 | D:9      | Noticed a centaur warrior
  8940 | D:9      | Killed a centaur warrior
  8941 | D:9      | Reached XP level 11. HP: 61/84 MP: 11/11
  9160 | D:9      | Received a gift from Trog
  9494 | D:9      | Found an iron altar of Okawaru.
  9553 | D:9      | Found a snail-covered altar of Cheibriados.
  9580 | Lair:1   | Entered Level 1 of the Lair of Beasts
  9713 | Lair:1   | Noticed Maggie
  9732 | Lair:1   | HP: 3/84 [poisoned by Maggie]
  9733 | Lair:1   | Succumbed to Maggie's poison

Illustrated notes

Levels and vault maps discovered:
D:1:      dpeg_arrival_three_same_balls, layout_rooms,
          ebering_ecumenical_altar_abandoned
D:2:      layout_basic, basic_altar
D:3:      layout_basic, nicolae_overflow_hidden_temple, chequers_arboretum,
          uniq_terence
D:4:      layout_rooms, minmay_temple_entry_antechambers
D:5:      layout_cave_pods, grunt_gozag_breadcrumbs, st_stairs_8,
          minmay_fractal_squares_diagonal_5
D:6:      layout_gridville, nicolae_ossuary_entry_false_entrances,
          grunt_ministairs_10
D:7:      layout_loops_ring, lemuel_doored_altar, kennysheep_generic_room_5
D:8:      minmay_distorted_concentric_squares, layout_cave_pools,
          elyvilon_altar_3, nemelex_xobeh_ov_fountains_minmay, minitemple
D:9:      layout_basic, kennysheep_little_box, lemuel_coloured_pillars_altar,
          lemuel_tele_altar, lair_entry_dummy
Lair:1:   layout_cave_pods, ebering_ghost_xom, minmay_lair_oklob_chamber,
          uniq_maggie

Skill      XL: |  1  2  3  4  5  6  7  8  9 10 |
---------------+-------------------------------+-----
Axes           | 3 4 5 6 7 9 10 11 12 | 12.3
Armour         | 3 4 6 |  6.3
Dodging        | 3 4 6 |  6.3
Fighting       | 4 5 7 |  7.4

Action                   |  1- 3 |  4- 6 |  7- 9 | 10-12 || total
-------------------------+-------+-------+-------+-------++-------
Melee: Hand axe          |   116 |   127 |   359 |       ||   602
       Kick              |       |     9 |   110 |    91 ||   210
       War axe           |       |       |     6 |   193 ||   199
Invok: Berserk           |     1 |     2 |     7 |     3 ||    13
  Use: Scroll            |       |       |    17 |     6 ||    23
       Potion            |       |       |       |     1 ||     1
Armor: Animal skin       |    25 |       |       |       ||    25
       Chain mail        |    29 |    79 |   200 |   109 ||   417
Dodge: Dodged            |    94 |    51 |   137 |    90 ||   372
Block: Other             |       |       |       |     2 ||     2

Table legend: (Time is in decaauts)
 A = Elapsed time spent in this place.
 B = Non-inter-level travel time spent in this place.
 C = Inter-level travel time spent in this place.
 D = Time resting spent in this place.
 E = Time spent auto-exploring this place.
 F = Levels seen in this place.
 G = Mean time per level.
                   A        B        C        D        E       F      G
               +--------+--------+--------+--------+--------+-----+--------+
         Total |   9780 |   9432 |    348 |    891 |   6659 |  11 |  889.1 |
       Dungeon |   9252 |   8904 |    348 |    680 |   6545 |   9 | 1028.0 |
          Lair |    150 |    150 |      0 |      0 |    114 |   1 |  150.0 |
       Ossuary |    378 |    378 |      0 |    211 |      0 |   1 |  378.0 |
               +--------+--------+--------+--------+--------+-----+--------+

Top non-repeatable levels by time:
     D:5: 1333 daAuts
     D:8: 1120 daAuts
     D:2: 1059 daAuts
     D:9: 1048 daAuts
     D:7: 1038 daAuts
     D:6: 1025 daAuts
     D:3: 976 daAuts
     D:1: 921 daAuts
     D:4: 727 daAuts
 Ossuary: 378 daAuts
  Lair:1: 150 daAuts
